 Dungeon Crawl Stone Soup version 0.28.0-1-gb440e238dd (webtiles) character file.

Game seed: 14830127971675023904

26 pkoi the Insei (level 2, 0/26 HPs)
             Began as a Draconian Monk on Feb 22, 2022.
             Succumbed to a hobgoblin's poison
             ... on level 1 of the Dungeon.
             The game lasted 00:00:51 (1572 turns).

pkoi the Insei (Draconian Monk)                     Turns: 1572, Time: 00:00:52

Health: 0/26       AC:  4    Str: 13    XL:     2   Next: 89%
Magic:  2/2        EV: 12    Int: 10    God:
Gold:   35         SH:  0    Dex: 13    Spells: 1/1 levels left

rFire   . . .      SeeInvis .     - Unarmed
rCold   . . .      Faith    .   (no shield)
rNeg    . . .      Spirit   .   (armour unavailable)
rPois   .          Reflect  .   (helmet restricted)
rElec   .          Harm     .   (no cloak)
rCorr   .          Rampage  .   (no gloves)
Will    .....                   (no boots)
Stlth   ++........              (no amulet)
HPRegen 0.08/turn               b - ring of flight
MPRegen 0.08/turn               g - +4 ring of slaying

@: lethally poisoned (0 -> -4), on berserk cooldown, flying, slowed, very slow
A: AC +4, unfitting armour, cold-blooded
a: no special abilities


You were on level 1 of the Dungeon.
You visited 1 branch of the dungeon, and saw 2 of its levels.

You collected 35 gold pieces.

Inventory:

Jewellery
 b - a ring of flight (left hand)
 g - a +4 ring of slaying (right hand)
Scrolls
 c - a scroll of summoning {unknown}
 d - a scroll of torment {unknown}
 e - 2 scrolls of identify {unknown}
 f - a scroll of blinking {unknown}


   Skills:
 - Level 3.2 Fighting
 - Level 2.6 Dodging
 - Level 1.7 Stealth
 + Level 4.1 Unarmed Combat


You had one spell level left.
You didn't know any spells.
Your spell library was empty.

Dungeon Overview and Level Annotations

Branches:
Dungeon (2/15)

Altars:


Innate Abilities, Weirdness & Mutations

Your plain brown scales are hard. (AC +4)
You cannot fit into any form of body armour.
You are cold-blooded and may be slowed by cold attacks.


Message History

There is a stone staircase leading up here.
The hobgoblin hits you with a +0 whip of venom.
You are poisoned.
You closely miss the hobgoblin.
You feel sick.
A kobold comes into view. It is wielding a +0 dagger.
The hobgoblin closely misses you.
You closely miss the hobgoblin.
You feel sick.
The hobgoblin hits you with a +0 whip of venom.
* * * LOW HITPOINT WARNING * * *
You are lethally poisoned!
You hit the hobgoblin. You tail-slap the hobgoblin.
You kill the hobgoblin!
* * * LOW HITPOINT WARNING * * *
You feel very sick.
Unknown command.
* * * LOW HITPOINT WARNING * * *
You feel very sick.
There is a stone staircase leading up here.
* * * LOW HITPOINT WARNING * * *
You feel very sick.
You fly upwards.
* * * LOW HITPOINT WARNING * * *
You feel very sick.
There is a stone staircase leading down here.
There is a lethal amount of poison in your body!
It was a potion of berserk rage.
A red film seems to cover your vision as you go berserk!
You feel yourself moving faster!
You feel mighty!
* * * LOW HITPOINT WARNING * * *
You feel sick.
You feel a strong urge to attack something.
* * * LOW HITPOINT WARNING * * *
You feel sick.
You feel your anger nearly subside.
* * * LOW HITPOINT WARNING * * *
You feel sick.
You are no longer berserk.
You are exhausted.
You feel yourself slow down.
You die...

#.#...#..##..##.#
####.#.#.###'#+#'#.#
...#.#.#...#..##...#
...'...###.###'#+#.#
...#.### #...#..##.#
##.#.# ###.###'#.#
#.#.# #...#...#
#.#.#########.###.#
#.#............@#.#
##.#.###########.#.#
...#.# #.#.# ##.###
#.#.# .#.# #.#.#
.### #.#.# .# #.#)#
.# #.#.# .# #.#.#


There were no monsters in sight!

Vanquished Creatures
  An adder (D:2)
  2 ball pythons (D:1)
  2 bats (D:1)
  3 endoplasms (D:1)
  2 goblins (D:1)
  2 hobgoblins
  A quokka (D:1)
  A frilled lizard (D:1)
  A rat (D:1)
15 creatures vanquished.

Notes
Turn   | Place    | Note
-------+----------+-------------------------------------------
     0 | D:1      | pkoi the Draconian Monk began the quest for the Orb.
     0 | D:1      | Reached XP level 1. HP: 19/19 MP: 1/1
   470 | D:1      | Reached XP level 2. HP: 26/26 MP: 2/2
  1393 | D:2      | Reached skill level 4 in Unarmed Combat
  1572 | D:1      | Succumbed to a hobgoblin's poison

Illustrated notes

Levels and vault maps discovered:
D:1:      erik_arrival_triangle_large, layout_basic
D:2:      minmay_thinvault, layout_basic, serial_shops,
          nicolae_shop_bloodbath_and_beyond

Skill      XL: |  1  2 |
---------------+-------+-----
Unarmed Combat | 4 |  4.1
Fighting       | |  3.2
Dodging        | |  2.6
Stealth        | |  1.7

Action                   || total
-------------------------++-------
Melee: Unarmed           ||    55
       Tailslap          ||     5
  Use: Potion            ||     1
 Stab: Sleeping          ||     3
Armor: Skin              ||    19
Dodge: Dodged            ||    49
